 Dungeon Crawl Stone Soup version 0.26.0-15-gc6cd9f700b (webtiles) character file.

Game seed: 5938962528051529449

100 Descartes the Firebug (level 4, -7/24 HPs)
             Began as a Deep Elf Fire Elementalist on Jan 16, 2021.
             Killed from afar by an orc wizard (11 damage)
             ... with a magic dart
             ... on level 3 of the Dungeon.
             The game lasted 00:09:31 (3405 turns).

Descartes the Firebug (Deep Elf Fire Elementalist)  Turns: 3405, Time: 00:09:33

Health: -7/24      AC:  9    Str:  5    XL:     4   Next: 47%
Magic:  1/11       EV: 12    Int: 21    God:
Gold:   128        SH:  0    Dex: 15    Spells: 3/10 levels left

rFire    . . .     SeeInvis .   u - +3 dagger
rCold    . . .     Faith    .   (no shield)
rNeg     . . .     Spirit   .   k - +3 leather armour
rPois    .         Reflect  .   w - +1 hat
rElec    .         Harm     .   n - +1 cloak
rCorr    .         Rampage  .   (no gloves)
Will     .....                  (no boots)
Stlth    ++........             (no amulet)
HPRegen  0.08/turn              (no ring)
MPRegen  0.12/turn              (no ring)

@: no status effects
A: no striking features
a: no special abilities


You were on level 3 of the Dungeon.
You visited 1 branch of the dungeon, and saw 3 of its levels.

You collected 128 gold pieces.

Inventory:

Hand Weapons
 p - a +0 vampiric dagger
 u - a +3 dagger (weapon)
 v - a +0 hunting sling
Missiles
 e - 17 arrows
 q - 68 stones
 y - 3 boomerangs
Armour
 a - a +0 robe
 b - a +0 kite shield
 k - a +3 leather armour (worn)
 n - a +1 cloak (worn)
 w - a +1 hat (worn)
Wands
 t - a wand of enslavement (8)
Scrolls
 c - 2 scrolls of fear {unknown}
 d - 3 scrolls of teleportation {unknown}
 f - a scroll of magic mapping {unknown}
 i - 2 scrolls of remove curse {unknown}
 l - 2 scrolls of blinking {unknown}
 o - a scroll of amnesia {unknown}
 s - a scroll of enchant weapon {unknown}
 x - 2 scrolls of noise {unknown}
Potions
 g - a potion of heal wounds
 h - 5 potions of curing
 j - a potion of might
 m - a potion of brilliance
 r - a potion of degeneration


   Skills:
 + Level 3.3 Dodging
 + Level 3.3 Stealth
 + Level 1.2 Shields
 + Level 3.6 Spellcasting
 + Level 2.0 Conjurations
 + Level 3.8 Fire Magic


You had 3 spell levels left.
You knew the following spells:

 Your Spells              Type           Power        Failure   Level
a - Foxfire               Conj/Fire      64%          6%          1
b - Conjure Flame         Conj/Fire      16%          19%         3
c - Inner Flame           Hex/Fire       11%          28%         3

Your spell library contained the following spells:

 Spells                   Type           Power        Failure   Level
 Sticky Flame             Conj/Fire      16%          52%         4
 Fireball                 Conj/Fire      8%           86%         5


Dungeon Overview and Level Annotations

Branches:
Dungeon (3/15)

Altars:
Cheibriados
Hepliaklqana
Uskayaw


Message History

The orc wizard shouts!
You hit the orc but do no damage. You hit the orc but do no damage.
The orc barely misses you.
You hit the orc but do no damage. The orc hits you with a +0 club.
You barely miss the orc. The orc closely misses you.
You hit the orc but do no damage. The orc hits you with a +0 club.
* * * LOW HITPOINT WARNING * * *
You hit the orc but do no damage. You hit the orc.
The orc is heavily wounded.
Casting: Foxfire (safe; 6% risk of failure)
Confirm with . or Enter, or press ? or * to list all spells.
You conjure some foxfire!
The orc closely misses you.
You hit the orc.
You kill the orc!
The foxfire hits the orc wizard.
The orc wizard is moderately wounded.
The orc wizard casts a spell at you. The magic dart hits you!
You die...

#........#
#........#
#........#
#........####
#####.........#..
+..............).
###..######.#<#)#
####..# #.###)#
#@§...# #.....#
#§##.## #######
#.#.... #o#...##
####### #o##..#
....... #l..>..
...†... ...##.##
####### .... .#
######### ..$..#
#.......##


You could see an orc wizard, an orc and a frilled lizard.

Vanquished Creatures
  2 adders (D:3)
  An ooze (D:2)
  A worm (D:2)
  4 dart slugs
  3 leopard geckos
  7 orcs (D:3)
  9 bats
  A giant cockroach (D:3)
  6 hobgoblins
  7 kobolds
  A quokka (D:2)
  2 frilled lizards
  6 goblins
  A quokka zombie (D:3)
  7 rats
58 creatures vanquished.

Vanquished Creatures (others)
  266 foxfires
266 creatures vanquished.

Grand Total: 324 creatures vanquished

Notes
Turn   | Place    | Note
-------+----------+-------------------------------------------
     0 | D:1      | Descartes the Deep Elf Fire Elementalist began the quest
                  | for the Orb.
     0 | D:1      | Reached XP level 1. HP: 10/10 MP: 6/6
   315 | D:1      | Reached XP level 2. HP: 15/15 MP: 2/8
  1135 | D:2      | Found a hide-covered altar of Uskayaw.
  1259 | D:2      | Reached XP level 3. HP: 19/19 MP: 5/9
  2204 | D:2      | Found a snail-covered altar of Cheibriados.
  2476 | D:3      | Learned a level 3 spell: Conjure Flame
  2480 | D:3      | Learned a level 3 spell: Inner Flame
  2587 | D:3      | Reached skill level 1 in Shields
  2708 | D:3      | Found a hazy altar of Hepliaklqana.
  3070 | D:3      | Reached XP level 4. HP: 18/24 MP: 0/11
  3405 | D:3      | Killed from afar by an orc wizard

Illustrated notes

Levels and vault maps discovered:
D:1:      heliophobic_arrival_dark_side_of_the_moon, layout_rooms
D:2:      layout_loops_ring, eat_drink_and_be_merry_uskayaw,
          kennysheep_slug_shrine, chequers_serial_rivers_large_b,
          minmay_pentomino_v4
D:3:      layout_basic, nzn_hepliaklqana_mist_gate,
          nicolae_ru_sacrificial_ziggurat

Skill      XL: |  1  2  3  4 |
---------------+-------------+-----
Stealth        | 3 |  3.3
Dodging        | 3 |  3.3
Shields        | 1 |  1.2
Conjurations   | 2 |  2.0
Spellcasting   | |  3.6
Fire Magic     | |  3.8

Action                   |  1- 3 |  4- 6 || total
-------------------------+-------+-------++-------
Melee: Dagger            |     2 |    14 ||    16
 Cast: Foxfire           |   182 |    25 ||   207
  Use: Scroll            |     5 |       ||     5
Armor: Robe              |     3 |       ||     3
       Leather armour    |     4 |     3 ||     7
Dodge: Dodged            |    24 |     8 ||    32
